 Dungeon Crawl Stone Soup version 0.31.0-32-g396128a36d (webtiles) character file.

Game seed: 4137700440517680140

30 0gre the Chiller (level 3, -1/25 HPs)
             Began as a Gnoll Ice Elementalist on Apr 9, 2024.
             Was a Follower of Makhleb.
             Slain by an orc
             ... wielding a +0 war axe
              (5 damage)
             ... on level 3 of the Dungeon.
             The game lasted 00:07:56 (1911 turns).

0gre the Chiller (Gnoll Ice Elementalist)           Turns: 1911, Time: 00:07:58

Health: -1/25      AC:  4    Str:  7    XL:     3   Next: 18%
Magic:  6/9        EV: 13    Int: 14    God:    Makhleb [*.....]
Gold:   70         SH:  0    Dex: 14    Spells: 8/12 levels left

rFire   . . .        a - +0 rapier
rCold   . . .        (no shield)
rNeg    . . .        e - +0 robe
rPois   .            j - +2 hat
rElec   .            (no cloak)
rCorr   .            (no gloves)
SInv    .            (no boots)
Will    .....        (no amulet)
Stlth   +++          (no ring)
HPRegen 0.24/turn    (no ring)
MPRegen 0.11/turn

%: no passive effects
@: freezing walls
A: fangs 1, strong nose, distributed training
a: Renounce Religion


You were on level 3 of the Dungeon.
You worshipped Makhleb.
Makhleb was aware of your devotion.
You visited 1 branch of the dungeon, and saw 3 of its levels.

You collected 70 gold pieces.

Inventory:

Hand Weapons
 a - a +0 rapier (weapon)
 b - a +0 sling
Armour
 e - a +0 robe (worn)
 j - a +2 hat (worn)
Jewellery
 c - a ring of flight
Scrolls
 d - 3 scrolls of identify {unknown}
 h - a scroll of noise {unknown}
 i - a scroll of poison {unknown}
 k - a scroll of teleportation {unknown}
Potions
 f - 3 potions of magic
 g - 2 potions of haste {unknown}
 l - a potion of resistance {unknown}


   Skills:
 + Level 0.7 Fighting
 + Level 0.7 Short Blades
 + Level 0.7 Long Blades
 + Level 0.7 Axes
 + Level 0.7 Maces & Flails
 + Level 0.7 Polearms
 + Level 0.7 Staves
 + Level 0.7 Ranged Weapons
 + Level 0.7 Throwing
 + Level 0.7 Armour
 + Level 4.5 Dodging
 + Level 4.1 Stealth
 + Level 0.7 Shields
 + Level 0.7 Unarmed Combat
 + Level 5.0 Spellcasting
 + Level 0.5 Conjurations
 + Level 0.5 Hexes
 + Level 0.5 Summonings
 + Level 0.5 Necromancy
 + Level 0.5 Translocations
 + Level 0.5 Fire Magic
 + Level 7.1 Ice Magic
 + Level 0.5 Air Magic
 + Level 0.5 Earth Magic
 + Level 0.5 Alchemy
 + Level 0.9 Invocations
 + Level 0.7 Evocations
 + Level 0.6 Shapeshifting


You had 8 spell levels left.
You knew the following spells:

 Your Spells              Type           Power      Damage    Failure   Level
a - Freeze                Ice            92%        1d9       1%          1
b - Frozen Ramparts       Ice            46%        1d7       2%          3

Your spell library contained the following spells:

 Spells                   Type           Power      Damage    Failure   Level
 Ozocubu's Armour         Ice            23%        N/A       2%          3
 Summon Ice Beast         Ice/Summ       14%        N/A       11%         3
 Malign Gateway           Summ/Tloc      2%         N/A       100%        7
 Summon Horrible Things   Summ           2%         N/A       100%        8


Dungeon Overview and Level Annotations

Branches:
Dungeon (3/15)

Altars:
Makhleb


Innate Abilities, Weirdness & Mutations

You have very sharp teeth.
Your uncanny sense of smell can sniff out nearby items.
Your experience applies equally to all skills.


Message History

There is a stone staircase leading down here.
You open the door.
A frilled lizard comes into view.
Fire: b) +0 sling
Press: ? - help, Q - select action, (/) - cycle Shift-Dir - straight line, f - frilled lizard
Aim: a frilled lizard (asleep, 98% to hit)
You shoot a sling bullet.
The sling bullet hits the frilled lizard!
You kill the frilled lizard!
Makhleb accepts your kill.
There is an open door here.
You now have 70 gold pieces (gained 6).
Found a leather armour.
You see here a +0 leather armour.
g - 2 fizzy brown potions (gained 1) Done exploring.
Search for what [Enter for "."]? .
What level of the Dungeon? (default 2, ? - help)
There is a stone staircase leading down here.
You climb downwards.
The orc shouts! x2; The orc priest shouts!
The rat squeaks loudly.
Found 6 gold pieces.
Found an escape hatch in the ceiling.
There is a stone staircase leading up here.
There are monsters nearby!
a - a +0 rapier (weapon)
The orc hits you with a +0 war axe!
The orc priest mumbles some strange prayers to Beogh against you.
Pain shoots through your body!
Ouch! That really hurt!
* * * LOW HITPOINT WARNING * * *
The orc attacks as it pursues you! The orc barely misses you.
Casting: Freeze (safe; 1% risk of failure)
Confirm with . or Enter, or press ? or * to list all spells.
Casting: Frozen Ramparts (dangerous; 2% risk of failure)
Press: ? - help, Dir - look around, f - activate The walls around you are covered in ice.
The wall freezes the orc priest.
The wall freezes the orc.
The wall freezes the orc but does no damage.
The orc hits you with a +0 war axe.
You die...

#### #..
#.# #@# ∆#
#o##.###.
#oo......
#r.......
#...$....
.........
#.........
#..<......
..........


You could see an orc priest, 2 orcs and a rat.

Vanquished Creatures
  An adder (D:2)
  A ribbon worm (D:2)
  3 goblins
  3 hobgoblins
  4 kobolds
  A quokka (D:1)
  2 ball pythons
  2 bats (D:1)
  A frilled lizard (D:2)
18 creatures vanquished.

Notes
Turn   | Place    | Note
-------+----------+-------------------------------------------
     0 | D:1      | 0gre the Gnoll Ice Elementalist began the quest for the
                  | Orb.
     0 | D:1      | Reached XP level 1. HP: 13/13 MP: 6/6
   216 | D:1      | Reached XP level 2. HP: 19/19 MP: 4/7
   771 | D:1      | Found a faded altar of an unknown god.
   775 | D:1      | Prayed at the altar of an unknown god.
   775 | D:1      | Became a worshipper of Makhleb the Destroyer
   775 | D:1      | Reached * piety under Makhleb
  1431 | D:2      | Reached skill level 5 in Spellcasting
  1431 | D:2      | Reached XP level 3. HP: 10/25 MP: 4/9
  1435 | D:2      | Learned a level 3 spell: Frozen Ramparts
  1911 | D:3      | Slain by an orc

Illustrated notes

Levels and vault maps discovered:
D:1:      scummos_arrival_star, layout_basic, basic_ecumenical_altar,
          kennysheep_minor_cross
D:2:      layout_basic
D:3:      layout_loops_ring

Skill      XL: |  1  2 |
---------------+-------+-----
Spellcasting   | 5 |  5.0
Fighting       | |  0.7
Short Blades   | |  0.7
Long Blades    | |  0.7
Axes           | |  0.7
Maces & Flails | |  0.7
Polearms       | |  0.7
Staves         | |  0.7
Ranged Weapons | |  0.7
Throwing       | |  0.7
Armour         | |  0.7
Dodging        | |  4.5
Stealth        | |  4.1
Shields        | |  0.7
Unarmed Combat | |  0.7
Conjurations   | |  0.5
Hexes          | |  0.5
Summonings     | |  0.5
Necromancy     | |  0.5
Translocations | |  0.5
Fire Magic     | |  0.5
Ice Magic      | |  7.1
Air Magic      | |  0.5
Earth Magic    | |  0.5
Alchemy        | |  0.5
Invocations    | |  0.9
Evocations     | |  0.7
Shapeshifting  | |  0.6

Action                     || total
---------------------------++-------
  Melee: Unarmed           ||     1
         Rapier            ||    26
         Short sword       ||     5
         Bite              ||     4
   Fire: Sling             ||    19
   Cast: Freeze            ||    15
         Frozen Ramparts   ||     1
 Armour: Robe              ||    23
  Dodge: Dodged            ||    26
